 Dungeon Crawl Stone Soup version 0.27-a0-808-g60bc5d92e6 (webtiles) character file.

Game seed: 282888404915913450

131 rednaxela the Grave Robber (level 4, -3/30 HPs)
             Began as a Vampire Necromancer on Mar 28, 2021.
             Slain by a kobold brigand
             ... wielding a +0 club
              (6 damage)
             ... in a sewer on Mar 29, 2021.
             The game lasted 00:12:17 (3074 turns).

rednaxela the Grave Robber (Vampire Necromancer)    Turns: 3074, Time: 00:12:18

Health: -3/30      AC:  4    Str:  8    XL:     4   Next: 91%
Magic:  8/8        EV: 11    Int: 17    God:
Gold:   59         SH:  0    Dex: 14    Spells: 8/9 levels left

rFire    . . .     SeeInvis +   a - +3 falchion
rCold    . . .     Faith    .   (no shield)
rNeg     . . .     Spirit   .   e - +0 leather armour
rPois    .         Reflect  .   k - +0 helmet
rElec    .         Harm     .   (no cloak)
rCorr    .         Rampage  .   (no gloves)
Will     +....                  (no boots)
Stlth    ++........             (no amulet)
HPRegen  0.30/turn              b - ring of willpower
MPRegen  0.11/turn              (no ring)

@: lethally poisoned (-3 -> -7), attractive, regenerating quickly
A: alive, fangs 3, see invisible, unbreathing 1, vampiric 2
a: Exsanguinate


You were in a sewer.
You visited 1 branch of the dungeon, and saw 4 of its levels.
You also visited: Sewer.

You collected 139 gold pieces.
You spent 80 gold pieces at shops.

Inventory:

Hand Weapons
 a - a +3 falchion (weapon)
   (You found it on level 1 of the Dungeon)
Missiles
 f - 18 poisoned darts (quivered)
Armour
 e - a +0 leather armour (worn)
   (You took it off a hobgoblin on level 1 of the Dungeon)
 k - a +0 helmet (worn)
   (You found it on level 3 of the Dungeon)
Jewellery
 b - a ring of willpower (left hand)
   (You found it on level 1 of the Dungeon)
 j - a ring of flight
   (You bought it in a shop on level 3 of the Dungeon)
Wands
 l - a wand of acid (2) {@v1}
   (You found it on level 3 of the Dungeon)
Scrolls
 g - a scroll of enchant weapon
 o - a scroll of teleportation {@r3 !r}
Potions
 h - 2 potions of magic {!q}
 m - a potion of invisibility {unknown}
 n - a potion of curing {unknown}


   Skills:
 + Level 3.9 Long Blades
 - Level 2.1 Dodging
 - Level 3.0 Stealth
 - Level 3.0 Spellcasting
 - Level 4.3 Necromancy


You had 8 spell levels left.
You knew the following spells:

 Your Spells              Type           Power      Damage    Failure   Level
a - Pain                  Necr           68%        1d7       4%          1

Your spell library contained the following spells:

 Spells                   Type           Power      Damage    Failure   Level
 Animate Skeleton         Necr           34%        N/A       4%          1
 Vampiric Draining        Necr           8%         2d7       13%         3
 Apportation              Tloc           4%         N/A       26%         1
 Corona                   Hex            2%         N/A       26%         1
 Magic Dart               Conj           8%         1d3       26%         1
 Summon Small Mammal      Summ           8%         N/A       26%         1
 Blink                    Tloc           N/A        N/A       36%         2
 Call Imp                 Summ           2%         N/A       36%         2
 Slow                     Hex            2%         N/A       36%         2
 Animate Dead             Necr           8%         N/A       38%         4
 Conjure Flame            Conj/Fire      2%         6-21      58%         3
 Mephitic Cloud           Conj/Pois/Air  2%         N/A       58%         3
 Agony                    Necr           17%        N/A       75%         5


Dungeon Overview and Level Annotations

Branches:
Dungeon (4/15)              Sewer (1/1)
 Temple: D:4-7

Altars:
Okawaru

Shops:
D:3 *


Innate Abilities, Weirdness & Mutations

Your natural rate of healing is unusually fast.
You have razor-sharp teeth.
You have supernaturally acute eyesight. (SInv)
You can survive without breathing.
You are afflicted with vampirism and can become a bat while bloodless.


Message History

The river rat closely misses you.
You hit the river rat.
The river rat is almost dead.
The river rat bites you but does no damage.
You barely miss the river rat.
The river rat is almost dead.
The river rat bites you.
* * * LOW HITPOINT WARNING * * *
You hit the river rat.
You kill the river rat!
You start resting.
HP restored.
A rat comes into view.
You hit the rat.
You kill the rat!
As you open the door, it creaks loudly! 2 kobolds and a kobold brigand come into view.
The kobold brigand is wielding a +0 club and quivering poisoned darts.
A kobold is wielding a +0 whip and quivering poisoned darts.
The kobold shouts!
Found 3 purple potions.
You miss the kobold. You closely miss the kobold. You bite the kobold.
The kobold is moderately wounded.
The kobold hits you but does no damage. The kobold closely misses you.
You hit the kobold.
The kobold is heavily wounded.
The kobold hits you with a +0 club. The kobold closely misses you.
You barely miss the kobold.
The kobold is heavily wounded.
The kobold hits you with a +0 club.
You miss the kobold.
The kobold is heavily wounded.
The kobold hits you with a +0 club.
You slash the kobold brigand!
The kobold brigand is moderately wounded.
The kobold brigand closely misses you. The kobold hits you but does no damage.
You closely miss the kobold brigand.
The kobold brigand is moderately wounded.
You hit the kobold.
You kill the kobold!
The kobold throws a poisoned dart.
The poisoned dart closely misses you.
The kobold brigand hits you with a +0 club.
The kobold hits you with a +0 whip.
Found a coppery potion.
There is an open door here.
You see here a +0 club.
You barely miss the kobold.
The kobold brigand hits you with a +0 club!
* * * LOW HITPOINT WARNING * * *
The kobold barely misses you. The kobold brigand closely misses you.
The kobold closely misses you.
The kobold brigand throws a poisoned dart.
The poisoned dart hits you!
You are poisoned.
You feel sick.
It was a potion of ambrosia.
You are confused.
You feel invigorated.
You feel sick. The kobold hits you with a +0 whip.
* * * LOW HITPOINT WARNING * * *
You feel sick. The kobold barely misses you.
You feel sick.
The kobold throws a poisoned dart.
The poisoned dart hits you!
You are more poisoned.
You're too confused to move!
You feel very sick.
The kobold brigand hits you but does no damage.
You feel less invigorated.
You feel less confused.
You feel very sick. The kobold barely misses you.
The kobold brigand hits you with a +0 club.
* * * LOW HITPOINT WARNING * * *
Aiming: Corrosive Bolt
Press: ? - help, Shift-Dir - straight line, f - kobold
Aim: a kobold, wielding a +0 whip and quivering poisoned darts (36% to evade)
The bolt of acid misses the kobold.
You feel sick. The kobold hits you with a +0 whip.
* * * LOW HITPOINT WARNING * * *
The kobold brigand hits you with a +0 club!
* * * LOW HITPOINT WARNING * * *
Aiming: Corrosive Bolt
Press: ? - help, Shift-Dir - straight line, f - kobold brigand, p - kobold
Aim: a kobold brigand, wielding a +0 club and quivering poisoned darts (moderately wounded, 36% to evade)
The bolt of acid hits the kobold brigand!
The kobold brigand is splashed with acid.
The acid corrodes the kobold brigand!
The kobold brigand is almost dead.
You feel sick. The kobold hits you with a +0 whip.
* * * LOW HITPOINT WARNING * * *
The kobold brigand completely misses you.
That's the wrong kind of item! (Use * to select it.) Evoke which item? (* to show all) (? for menu, Esc to quit)
You don't have any such object.
Evoke which item? (* to show all) (? for menu, Esc to quit)
Okay, then.
It was a potion of attraction.
You feel attractive to monsters.
* * * LOW HITPOINT WARNING * * *
You feel sick. The kobold hits you but does no damage.
The kobold brigand hits you with a +0 club.
You die...

#############
≈≈≈≈≈≈≈≈≈≈≈
≈≈≈≈≈≈≈≈≈
#######
#!.#.!#
#...@.#
##.KK## ≈
#.....# ≈≈
#.....#
≈≈≈###)###
≈≈≈≈≈≈≈..##
≈≈≈≈≈≈....#
≈≈≈≈≈≈≈...#
≈≈≈≈≈≈≈...##


You could see a kobold brigand (corroded) and a kobold.

Vanquished Creatures
  A howler monkey skeleton (D:3)
  An adder (D:3)
  3 river rats
  An ufetubus (D:3)
  4 dart slugs
  5 orcs
  8 ball pythons
  8 bats
  3 endoplasms
  2 giant cockroaches
  2 hobgoblins (D:1)
  8 jackals
  4 quokkas
  2 frilled lizards
  6 kobolds
  9 rats
67 creatures vanquished.

Vanquished Creatures (others)
  7 plants (D:3)
7 creatures vanquished.

Grand Total: 74 creatures vanquished

Notes
Turn   | Place    | Note
-------+----------+-------------------------------------------
     0 | D:1      | rednaxela the Vampire Necromancer began the quest for the
                  | Orb.
     0 | D:1      | Reached XP level 1. HP: 13/13 MP: 3/3
   225 | D:1      | Found an iron altar of Okawaru.
   312 | D:1      | Reached XP level 2. HP: 19/19 MP: 3/5
   846 | D:1      | Reached skill level 1 in Long Blades
   868 | D:1      | Reached skill level 3 in Spellcasting
   919 | D:2      | Gained mutation: You are afflicted with vampirism and can
                  | become a bat while bloodless. [Vampire growth]
   919 | D:2      | Reached XP level 3. HP: 21/24 MP: 3/7
  1448 | D:2      | Reached skill level 2 in Long Blades
  1890 | D:3      | Found Hyngesas's Assorted Antiques.
  1911 | D:3      | Bought a peridot ring for 80 gold pieces
  2092 | D:3      | Found a faded altar of an unknown god.
  2234 | D:3      | Reached XP level 4. HP: 20/30 MP: 2/8
  2496 | D:3      | Reached skill level 3 in Long Blades
  2892 | D:4      | Found a glowing drain.
  2926 | Sewer    | Entered a sewer
  3054 | Sewer    | Noticed a kobold brigand
  3074 | Sewer    | Slain by a kobold brigand

Illustrated notes

Levels and vault maps discovered:
D:1:      dpeg_chamrin_arrival_tetris, layout_basic, okawaru_ov_weapons_minmay
D:2:      layout_loops_ring
D:3:      layout_loops_ring, serial_shops, nicolae_shop_overgrown_old_shop,
          chequers_ecumenical_altar_lobes
D:4:      minmay_door_path, layout_layer_cave, nicolae_sif_muna_little_library,
          minmay_temple_entry_purple_smoke, serial_co_window_serial,
          co_window_corner_a, co_window_corner_a, co_window_corner_a,
          co_window_corner_a, co_window_paths_a, co_window_paths_a,
          co_window_of_opportunity_a, co_window_corner_cb, co_window_2corner,
          co_window_broadway_a, co_window_unsneaky_path_b, glass_columns_b,
          glass_columns_a, glass_columns_b, glass_columns_b, glass_columns_b,
          portal_sewer_entry_a, uniq_pikel, uniq_duvessa
Sewer:    sewer_minmay_treatment

Skill      XL: |  1  2  3  4 |
---------------+-------------+-----
Long Blades    | 1 2 3 |  3.9
Spellcasting   | 3 |  3.0
Dodging        | |  2.1
Stealth        | |  3.0
Necromancy     | |  4.3

Action                   |  1- 3 |  4- 6 || total
-------------------------+-------+-------++-------
Melee: Unarmed           |     6 |       ||     6
       Falchion          |    19 |    57 ||    76
       Bite              |       |     5 ||     5
Throw: Dart              |     1 |    15 ||    16
 Cast: Pain              |    66 |     1 ||    67
Evoke: Wand              |       |     2 ||     2
  Use: Scroll            |       |     3 ||     3
       Potion            |       |     2 ||     2
 Stab: Sleeping          |       |     1 ||     1
Armor: Robe              |     7 |       ||     7
       Leather armour    |    12 |    14 ||    26
Dodge: Dodged            |    41 |    41 ||    82
       Rpst.: Falchion   |    10 |    16 ||    26

Table legend: (Time is in decaauts)
 A = Elapsed time spent in this place.
 B = Non-inter-level travel time spent in this place.
 C = Inter-level travel time spent in this place.
 D = Time resting spent in this place.
 E = Time spent auto-exploring this place.
 F = Levels seen in this place.
 G = Mean time per level.
                   A        B        C        D        E       F      G
               +--------+--------+--------+--------+--------+-----+--------+
         Total |   3092 |   2971 |    121 |    244 |   1997 |   5 |  618.4 |
       Dungeon |   2941 |   2820 |    121 |    193 |   1997 |   4 |  735.2 |
         Sewer |    150 |    150 |      0 |     51 |      0 |   1 |  150.0 |
               +--------+--------+--------+--------+--------+-----+--------+

Top non-repeatable levels by time:
     D:2: 1106 daAuts
     D:3: 904 daAuts
     D:1: 891 daAuts
   Sewer: 150 daAuts
     D:4: 39 daAuts
